TOP OF THE 1ST |
Richmond Braves batting - Pitching for Columbus Jets : RHP Darryl Banks
|
Pitching: RHP Darryl Banks
|
|
Batting: RHB Dave Stegman
|
0-0: Swinging Strike 0-1: Foul Ball, location: 2F 0-2: Ball 1-2: Ball 2-2: Ball 3-2: Foul Ball, location: 2F 3-2: SINGLE (Flyball, 8RS, EV 87.5 MPH)
|
Batting: RHB Mike Fuentes
|
0-0: Ball 1-0: Ball 2-0: Called Strike 2-1: Foul Ball, location: 2F 2-2: Strikes out swinging
|
Batting: SHB Howard Johnson
|
0-0: Called Strike 0-1: Ball 1-1: Ball 2-1: Ball 3-1: Base on Balls Dave Stegman to second
|
Batting: RHB Craig Kusick
|
0-0: Called Strike 0-1: Swinging Strike 0-2: Ball 1-2: Strikes out swinging
|
Batting: RHB John Freitas
|
0-0: Ball 1-0: Called Strike 1-1: Called Strike 1-2: Ball 2-2: Ground out 6-3 (Groundball, 6S, EV 87.5 MPH)
|
Top of the 1st over - 0 runs, 1 hit, 0 errors, 2 left on base; Richmond 0 - Columbus 0 |
BOTTOM OF THE 1ST |
Columbus Jets batting - Pitching for Richmond Braves : RHP Pete Hamm
|
Pitching: RHP Pete Hamm
|
|
Batting: LHB Craig Brooks
|
0-0: Called Strike 0-1: Ground out 5-3 (Groundball, 5L, EV 100.0 MPH)
|
Batting: RHB Greg Schultz
|
0-0: Ball 1-0: Called Strike 1-1: Fly out, F7 (Flyball, 78D, EV 92.5 MPH)
|
Batting: RHB Danny Tartabull
|
0-0: Swinging Strike 0-1: Called Strike 0-2: Ball 1-2: Ball 2-2: Strikes out swinging
|
Bottom of the 1st over - 0 runs, 0 hits, 0 errors, 0 left on base; Richmond 0 - Columbus 0 |
TOP OF THE 2ND |
Richmond Braves batting - Pitching for Columbus Jets : RHP Darryl Banks
|
Batting: LHB Matt Winters
|
0-0: Ball 1-0: Ball 2-0: Called Strike 2-1: Foul Ball, location: 2F 2-2: Foul Ball, location: 2F 2-2: Ball 3-2: Fly out, F9 (Flyball, 9D, EV 106.3 MPH)
|
Batting: LHB Max Venable
|
0-0: SINGLE (Line Drive, 8LS, EV 92.5 MPH)
|
Batting: SHB Julio Cruz
|
0-0: Called Strike 0-1: Ball 1-1: Ball 2-1: Called Strike 2-2: Strikes out looking
|
Batting: SHB Donnie Scott
|
0-0: Called Strike 0-1: Called Strike 0-2: Ball Max Venable steals 2nd base (no throw) 1-2: Strikes out swinging
|
Top of the 2nd over - 0 runs, 1 hit, 0 errors, 1 left on base; Richmond 0 - Columbus 0 |
BOTTOM OF THE 2ND |
Columbus Jets batting - Pitching for Richmond Braves : RHP Pete Hamm
|
Batting: LHB Larry Sheets
|
0-0: Fly out, F8 (Flyball, 8LM, EV 93.1 MPH)
|
Batting: RHB Jim Maler
|
0-0: Called Strike 0-1: Ground out 4-3 (Groundball, 4M, EV 109.4 MPH)
|
Batting: RHB Michael Ventress
|
0-0: Called Strike 0-1: Ball 1-1: Ball 2-1: Foul Ball, location: 2F 2-2: Fly out, F9 (Flyball, 9, EV 95.6 MPH)
|
Bottom of the 2nd over - 0 runs, 0 hits, 0 errors, 0 left on base; Richmond 0 - Columbus 0 |
TOP OF THE 3RD |
Richmond Braves batting - Pitching for Columbus Jets : RHP Darryl Banks
|
Batting: RHB Dave Stegman
|
0-0: Hit by Pitch
|
Batting: RHB Mike Fuentes
|
0-0: Ball 1-0: Called Strike 1-1: Called Strike 1-2: Foul Ball, location: 2F 1-2: Foul Ball, location: 2F 1-2: Ball 2-2: Ball 3-2: Strikes out looking Dave Stegman steals 2nd base (no throw) Batter strikes out.
|
Batting: SHB Howard Johnson
|
0-0: Ball 1-0: Fly out, F8 (Line Drive, 8LD, EV 103.1 MPH)
|
Batting: RHB Craig Kusick
|
0-0: Swinging Strike 0-1: Foul Ball, location: 2F 0-2: Ball 1-2: Foul Ball, location: 2F 1-2: Ball 2-2: Ball 3-2: Strikes out swinging
|
Top of the 3rd over - 0 runs, 0 hits, 0 errors, 1 left on base; Richmond 0 - Columbus 0 |
BOTTOM OF THE 3RD |
Columbus Jets batting - Pitching for Richmond Braves : RHP Pete Hamm
|
Batting: RHB Glenn Goya
|
0-0: Called Strike 0-1: Ball 1-1: Fly out, F9 (Line Drive, 9, EV 89.4 MPH)
|
Batting: RHB Ray Smith
|
0-0: Called Strike 0-1: Called Strike 0-2: Foul Ball, location: 2F 0-2: Ball 1-2: Foul Ball, location: 2F 1-2: Fly out, F8 (Flyball, 89D, EV 99.4 MPH)
|
Batting: RHB Jackie Gutierrez
|
0-0: Swinging Strike 0-1: Fly out, F8 (Line Drive, 8LM, EV 93.1 MPH)
|
Bottom of the 3rd over - 0 runs, 0 hits, 0 errors, 0 left on base; Richmond 0 - Columbus 0 |
TOP OF THE 4TH |
Richmond Braves batting - Pitching for Columbus Jets : RHP Darryl Banks
|
Batting: RHB John Freitas
|
0-0: Foul Ball, location: 2F 0-1: Foul Ball, location: 2F 0-2: SINGLE (Flyball, 78S, EV 86.9 MPH) - OUT at second base trying to stretch hit.
|
Batting: LHB Matt Winters
|
0-0: Called Strike 0-1: Ball 1-1: DOUBLE (Groundball, 5L, EV 97.5 MPH)
|
Batting: LHB Max Venable
|
0-0: Ball 1-0: Ball 2-0: Fly out, F8 (Flyball, 8LM, EV 95.0 MPH)
|
Batting: SHB Julio Cruz
|
0-0: Foul Ball, location: 2F 0-1: Foul Ball, location: 2F 0-2: Ball 1-2: Foul Ball, location: 2F 1-2: Strikes out swinging
|
Top of the 4th over - 0 runs, 2 hits, 0 errors, 1 left on base; Richmond 0 - Columbus 0 |
BOTTOM OF THE 4TH |
Columbus Jets batting - Pitching for Richmond Braves : RHP Pete Hamm
|
Batting: LHB Craig Brooks
|
0-0: Foul Ball, location: 2F 0-1: Ball 1-1: Ball 2-1: Foul Ball, location: 2F 2-2: Ball 3-2: Base on Balls
|
Batting: RHB Greg Schultz
|
0-0: Ball Wild Pitch! Craig Brooks to second 1-0: Called Strike Craig Brooks steals 3rd base 1-1: Fly out, F7 (Flyball, 78XD, EV 98.8 MPH) Runner from 3rd tags up, SCORES, no throw by LF
|
Batting: RHB Danny Tartabull
|
0-0: Ground out 6-3 (Groundball, 6, EV 88.1 MPH)
|
Batting: LHB Larry Sheets
|
0-0: Ball 1-0: Fly out, F8 (Flyball, 8LD, EV 105.6 MPH)
|
Bottom of the 4th over - 1 run, 0 hits, 0 errors, 0 left on base; Richmond 0 - Columbus 1 |
TOP OF THE 5TH |
Richmond Braves batting - Pitching for Columbus Jets : RHP Darryl Banks
|
Batting: SHB Donnie Scott
|
0-0: Foul Ball, location: 2F 0-1: Called Strike 0-2: Ball 1-2: Ball 2-2: Ball 3-2: Foul Ball, location: 2F 3-2: SOLO HOME RUN (Line Drive, 78XD, EV 101.9 MPH), Distance : 407 ft
|
Batting: RHB Dave Stegman
|
0-0: Ball 1-0: Foul Ball, location: 2F 1-1: Ball 2-1: Ball 3-1: Base on Balls
|
Batting: RHB Mike Fuentes
|
0-0: Ball 1-0: Ball 2-0: Called Strike 2-1: Foul Ball, location: 2F 2-2: Foul Ball, location: 2F 2-2: Strikes out swinging
|
Batting: SHB Howard Johnson
|
0-0: Ball 1-0: Ball 2-0: Ball 3-0: Base on Balls Dave Stegman to second
|
Batting: RHB Craig Kusick
|
0-0: Called Strike 0-1: Swinging Strike 0-2: Foul Ball, location: 2F 0-2: Ball 1-2: Ball 2-2: Ball 3-2: Foul Ball, location: 2F 3-2: Foul Ball, location: 2F 3-2: Foul Ball, location: 2F 3-2: Foul Ball, location: 2F 3-2: Foul Ball, location: 2F 3-2: Foul Ball, location: 2F 3-2: Fly out, F7 (Flyball, 7LD, EV 106.3 MPH) Runner from 2nd tags up, SAFE at 3rd, no throw by LF
|
Batting: RHB John Freitas
|
0-0: Ball 1-0: Ball 2-0: Called Strike 2-1: Ball 3-1: Swinging Strike 3-2: Base on Balls Howard Johnson to second
|
Batting: LHB Matt Winters
|
0-0: Foul Ball, location: 2F 0-1: Fly out, F9 (Flyball, 9LM, EV 75.6 MPH)
|
Top of the 5th over - 1 run, 1 hit, 0 errors, 3 left on base; Richmond 1 - Columbus 1 |
BOTTOM OF THE 5TH |
Columbus Jets batting - Pitching for Richmond Braves : RHP Pete Hamm
|
Batting: RHB Jim Maler
|
0-0: Called Strike 0-1: Foul Ball, location: 2F 0-2: Foul Ball, location: 2F 0-2: Strikes out swinging
|
Batting: RHB Michael Ventress
|
0-0: Called Strike 0-1: Ball 1-1: Foul Ball, location: 2F 1-2: Ball 2-2: Foul Ball, location: 2F 2-2: Fly out, F8 (Flyball, 89D, EV 90.6 MPH)
|
Batting: RHB Glenn Goya
|
0-0: Ball 1-0: Ball 2-0: Called Strike 2-1: Foul Ball, location: 2F 2-2: Ball 3-2: Fly out, F9 (Flyball, 9, EV 96.9 MPH)
|
Bottom of the 5th over - 0 runs, 0 hits, 0 errors, 0 left on base; Richmond 1 - Columbus 1 |
TOP OF THE 6TH |
Richmond Braves batting - Pitching for Columbus Jets : RHP Darryl Banks
|
Batting: LHB Max Venable
|
0-0: Hit by Pitch
|
Batting: SHB Julio Cruz
|
0-0: Ball 1-0: Sac Bunt to 23 - play at first, batter OUT! 3-4 Max Venable to second
|
Batting: SHB Donnie Scott
|
0-0: Ball 1-0: Ground out 6-3 (Groundball, 6, EV 91.3 MPH) Max Venable to third
|
Batting: RHB Dave Stegman
|
0-0: Ball 1-0: Foul Ball, location: 2F 1-1: Ball 2-1: Swinging Strike 2-2: Strikes out looking
|
Top of the 6th over - 0 runs, 0 hits, 0 errors, 1 left on base; Richmond 1 - Columbus 1 |
BOTTOM OF THE 6TH |
Columbus Jets batting - Pitching for Richmond Braves : RHP Pete Hamm
|
Batting: RHB Ray Smith
|
0-0: Ground out 6-3 (Groundball, 6, EV 81.3 MPH)
|
Batting: RHB Jackie Gutierrez
|
0-0: Ball 1-0: Called Strike 1-1: Called Strike 1-2: Ball 2-2: Ball 3-2: SINGLE (Groundball, 4D, EV 93.8 MPH)
|
Batting: LHB Craig Brooks
|
0-0: Called Strike 0-1: Ball 1-1: Foul Ball, location: 2F 1-2: Strikes out swinging
|
Batting: RHB Greg Schultz
|
0-0: Ball 1-0: Fielders Choice at 2nd, 6-4 (Groundball, 6, EV 86.9 MPH)
|
Bottom of the 6th over - 0 runs, 1 hit, 0 errors, 1 left on base; Richmond 1 - Columbus 1 |
TOP OF THE 7TH |
Richmond Braves batting - Pitching for Columbus Jets : RHP Darryl Banks
|
Pitching: RHP Freddy Laro
|
|
Batting: RHB Mike Fuentes
|
0-0: Called Strike 0-1: Ball 1-1: Swinging Strike 1-2: Fly out, F9 (Flyball, 9D, EV 90.6 MPH)
|
Batting: SHB Howard Johnson
|
0-0: Fly out, F7 (Line Drive, 7, EV 95.0 MPH)
|
Batting: RHB Craig Kusick
|
0-0: Foul Ball, location: 2F 0-1: Called Strike 0-2: Ball 1-2: Ball 2-2: Strikes out looking
|
Top of the 7th over - 0 runs, 0 hits, 0 errors, 0 left on base; Richmond 1 - Columbus 1 |
BOTTOM OF THE 7TH |
Columbus Jets batting - Pitching for Richmond Braves : RHP Pete Hamm
|
Batting: RHB Danny Tartabull
|
0-0: Called Strike 0-1: Ball 1-1: SINGLE (Groundball, 6S, EV 63.8 MPH) (infield hit)
|
Batting: LHB Larry Sheets
|
0-0: Grounds into double play, 5-4-3 (Groundball, 25, EV 86.9 MPH)
|
Batting: RHB Jim Maler
|
0-0: Foul Ball, location: 2F 0-1: Swinging Strike 0-2: Strikes out swinging
|
Bottom of the 7th over - 0 runs, 1 hit, 0 errors, 0 left on base; Richmond 1 - Columbus 1 |
TOP OF THE 8TH |
Richmond Braves batting - Pitching for Columbus Jets : RHP Freddy Laro
|
Batting: RHB John Freitas
|
0-0: Foul Ball, location: 2F 0-1: Ball 1-1: Ball 2-1: Ball 3-1: Base on Balls
|
Batting: LHB Matt Winters
|
0-0: Ball 1-0: Foul Ball, location: 2F 1-1: Foul Ball, location: 2F 1-2: Strikes out swinging
|
Batting: LHB Max Venable
|
0-0: Ball 1-0: Ball 2-0: Foul Ball, location: 2F 2-1: Swinging Strike 2-2: Ball 3-2: Fly out, F8 (Flyball, 8LXD, EV 88.1 MPH)
|
Batting: SHB Julio Cruz
|
0-0: Called Strike 0-1: Ball 1-1: Ball 2-1: Swinging Strike 2-2: Strikes out swinging
|
Top of the 8th over - 0 runs, 0 hits, 0 errors, 1 left on base; Richmond 1 - Columbus 1 |
BOTTOM OF THE 8TH |
Columbus Jets batting - Pitching for Richmond Braves : RHP Pete Hamm
|
Batting: RHB Michael Ventress
|
0-0: Ball 1-0: Called Strike 1-1: Ball 2-1: Ball 3-1: Base on Balls
|
Batting: RHB Glenn Goya
|
0-0: Grounds into double play, 4-6-3 (Groundball, 4M, EV 83.1 MPH)
|
Batting: RHB Ray Smith
|
0-0: Ball 1-0: Foul Ball, location: 2F 1-1: SINGLE (Line Drive, 7S, EV 106.3 MPH)
|
Batting: RHB Jackie Gutierrez
|
0-0: Called Strike 0-1: Ball 1-1: Ball 2-1: Fly out, F8 (Flyball, 8RD, EV 100.6 MPH)
|
Bottom of the 8th over - 0 runs, 1 hit, 0 errors, 1 left on base; Richmond 1 - Columbus 1 |
TOP OF THE 9TH |
Richmond Braves batting - Pitching for Columbus Jets : RHP Freddy Laro
|
Pitching: RHP Owen Foley
|
|
Batting: SHB Donnie Scott
|
0-0: Called Strike 0-1: Swinging Strike 0-2: Ball 1-2: Strikes out swinging
|
Batting: RHB Dave Stegman
|
0-0: Ball 1-0: Ball 2-0: Ball 3-0: Foul Ball, location: 2F 3-1: Base on Balls
|
Batting: RHB Mike Fuentes
|
0-0: Swinging Strike 0-1: Foul Ball, location: 2F 0-2: 2-RUN HOME RUN (Flyball, 78XD, EV 99.4 MPH), Distance : 437 ft
|
Batting: SHB Howard Johnson
|
0-0: Ball 1-0: Called Strike 1-1: Foul Ball, location: 2F 1-2: Foul Ball, location: 2F 1-2: Strikes out swinging
|
Batting: RHB Craig Kusick
|
0-0: Ball 1-0: Ball 2-0: Ball 3-0: Base on Balls
|
Pitching: RHP Chuck Crim
|
|
Batting: RHB John Freitas
|
0-0: Ball 1-0: Called Strike 1-1: Fielders Choice at 2nd, 6-4 (Groundball, 6, EV 90.0 MPH)
|
Top of the 9th over - 2 runs, 1 hit, 0 errors, 1 left on base; Richmond 3 - Columbus 1 |
BOTTOM OF THE 9TH |
Columbus Jets batting - Pitching for Richmond Braves : RHP Pete Hamm
|
Pitching: LHP Richard Mahlmann
|
|
Batting: LHB Craig Brooks
|
0-0: Called Strike 0-1: Foul Ball, location: 2F 0-2: SINGLE (Groundball, 56D, EV 96.9 MPH)
|
Batting: RHB Greg Schultz
|
0-0: Foul Ball, location: 2F 0-1: Called Strike 0-2: Ball 1-2: Foul Ball, location: 2F 1-2: Strikes out swinging
|
Batting: RHB Danny Tartabull
|
0-0: Fly out, F9 (Line Drive, 9D, EV 98.8 MPH)
|
Batting: LHB Larry Sheets
|
0-0: SINGLE (Groundball, 4MD, EV 103.8 MPH) Craig Brooks to second
|
Batting: RHB Jim Maler
|
0-0: Ball 1-0: SINGLE (Groundball, 6MD, EV 100.0 MPH) Craig Brooks to third Larry Sheets to second
|
Batting: RHB Michael Ventress
|
0-0: Called Strike 0-1: Fly out, F7 (Flyball, 7LS, EV 93.1 MPH)
|
Bottom of the 9th over - 0 runs, 3 hits, 0 errors, 3 left on base; Richmond 3 - Columbus 1 |
|